 Dungeon Crawl Stone Soup version 0.19.1-1-g22dce08 (webtiles) character file.

39 Macro the Charmwright (level 3, -1/24 HPs)
             Began as a Halfling Skald on Jan 16, 2017.
             Slain by a gnoll
             ... wielding a +0 halberd
              (3 damage)
             ... on level 2 of the Dungeon.
             The game lasted 00:05:14 (572 turns).

Macro the Charmwright (Halfling Skald)               Turns: 572, Time: 00:05:17

Health: -1/24      AC:  3    Str: 13    XL:     3   Next: 67%
Magic:  1/5        EV: 14    Int: 10    God:
Gold:   61         SH:  0    Dex: 14    Spells: 1 memorised, 4 levels left

rFire  . . .     SeeInvis +     a - +0 short sword
rCold  . . .     Gourm    .     b - +0 leather armour
rNeg   . . .     Faith    .     (shield restricted)
rPois  .         Spirit   .     (no helmet)
rElec  .         Reflect  .     (no cloak)
rCorr  .         Harm     .     (no gloves)
MR     .....                    (no boots)
Stlth  +.........               g - amulet of regeneration
                                (no ring)
                                l - ring of see invisible

@: infused (expiring)
A: mutation resistance 1
a: no special abilities


You were on level 2 of the Dungeon.
You were not hungry.

You visited 1 branch of the dungeon, and saw 2 of its levels.

You collected 61 gold pieces.

Inventory:

Hand Weapons
 a - a +0 short sword (weapon)
Armour
 b - a +0 leather armour (worn)
Jewellery
 g - an amulet of regeneration (around neck)
 l - a ring of see invisible (left hand)
Scrolls
 f - a scroll of remove curse {unknown}
 h - a scroll of teleportation {unknown}
 i - a scroll of enchant weapon {unknown}
 k - a scroll of fear {unknown}
 n - a scroll of identify {unknown}
Potions
 e - a potion of haste {unknown}
 j - 2 potions of curing {unknown}
 m - a potion of degeneration {unknown}
Books
 c - a book of Battle

   Spells                             Type                      Level
   a - Infusion                       Charms                       1
   b - Shroud of Golubria             Charms/Translocation         2
   c - Song of Slaying                Charms                       2
   d - Spectral Weapon                Hexes/Charms                 3
   e - Regeneration                   Charms/Necromancy            3
Comestibles
 d - a bread ration
 o - a chunk of flesh


   Skills:
 + Level 2.1 Fighting
 + Level 2.8 Short Blades
 + Level 1.3 Armour
 + Level 1.3 Dodging
 + Level 1.9 Spellcasting
 + Level 3.8 Charms


You had 4 spell levels left.
You knew the following spells:

 Your Spells              Type           Power        Failure   Level  Hunger
a - Infusion              Chrm           #...         12%         1    ##.....


Dungeon Overview and Level Annotations

Branches:
Dungeon (2/15)

Altars:


Innate Abilities, Weirdness & Mutations

You are small and have problems with some larger weapons.
You are somewhat resistant to further mutation.


Message History

The gnoll barely misses you.
You hit the hobgoblin.
You kill the hobgoblin!
The gnoll hits you from afar with a spear.
The gnoll hits you with a spear.
The gnoll hits you from afar with a halberd!
* * * LOW HITPOINT WARNING * * *
Things that are here:
a club; a hobgoblin corpse You hit the gnoll.
The gnoll is lightly wounded.
The gnoll hits you with a spear.
* * * LOW HITPOINT WARNING * * *
You hit the gnoll but do no damage.
The gnoll is lightly wounded.
Your magical infusion is running out.
You feel sick.
You are no longer poisoned.
The gnoll hits you from afar with a halberd.
You die...

#####...######.#..# .#
#...........##.##.#
.##.....
...............##.#..#....g
#......<....#..##.#..#g.g.
#####...#####........#..g
#...# #.###†#....( #...#
#.# #.# #.# #...#
#.###.####.# ##.##
#..@gg.....###.. ..
#####..........# ..
#########..# .#


You could see 2 gnolls.

Vanquished Creatures
  An adder (D:2)
  A dart slug (D:1)
  2 leopard geckos (D:1)
  2 ball pythons (D:1)
  A giant cockroach (D:1)
  3 goblins (D:1)
  6 hobgoblins
  2 kobolds
  3 bats (D:1)
  3 rats (D:1)
24 creatures vanquished.

Notes
Turn   | Place    | Note
-------+----------+-------------------------------------------
     0 | D:1      | Macro the Halfling Skald began the quest for the Orb.
     0 | D:1      | Reached XP level 1. HP: 14/14 MP: 3/3
     2 | D:1      | Noticed a naga
     2 | D:1      | Noticed a gargoyle
     4 | D:1      | Noticed a troll
     6 | D:1      | Noticed an elf
     6 | D:1      | Noticed a dwarf
     8 | D:1      | Noticed a demonspawn
     8 | D:1      | Noticed a tengu
    11 | D:1      | Noticed a ghoul
    13 | D:1      | Noticed a merfolk
    13 | D:1      | Noticed a draconian
    15 | D:1      | Noticed a halfling
    15 | D:1      | Noticed a human
    17 | D:1      | Noticed a vampire
    17 | D:1      | Noticed a minotaur
    21 | D:1      | Noticed a spriggan
    21 | D:1      | Noticed an ogre
    23 | D:1      | Noticed a vine stalker
    23 | D:1      | Noticed a centaur
    25 | D:1      | Noticed a formicid
    25 | D:1      | Noticed a felid
    27 | D:1      | Noticed a demigod
    27 | D:1      | Noticed an octopode
   137 | D:1      | Reached XP level 2. HP: 13/19 MP: 0/4
   292 | D:1      | Reached XP level 3. HP: 22/24 MP: 0/5
   572 | D:2      | Slain by a gnoll

Skill      XL: |  1  2 |
---------------+-------+-----
Fighting       | 2 |  2.1
Short Blades   | |  2.8
Armour         | |  1.3
Dodging        | |  1.3
Spellcasting   | |  1.9
Charms         | |  3.8

Action                   || total
-------------------------++-------
Melee: Short sword       ||    74
 Cast: Infusion          ||     8
Armor: Leather armour    ||    17
Dodge: Dodged            ||    60
